 Dungeon Crawl Stone Soup version 0.31-a0-968-g24f9ace8b5 (webtiles) character file.

Game seed: 12703293066971152725

737 Fodor the Chopper (level 7, -2/62 HPs)
             Began as a Minotaur Fighter on Oct 27, 2023.
             Slain by a gnoll
             ... wielding a +0 spear
             ... led by a gnoll bouda
              (4 damage)
             ... on level 5 of the Dungeon.
             The game lasted 00:22:58 (3750 turns).

Fodor the Chopper (Minotaur Fighter)                Turns: 3750, Time: 00:22:59

Health: -2/62      AC: 13    Str: 22    XL:     7   Next: 46%
Magic:  6/6        EV: 10    Int:  5    God:
Gold:   273        SH:  4    Dex: 10    Spells: 6/6 levels left

rFire   . . .        B - +0 morningstar
rCold   . . .        c - +0 buckler
rNeg    . . .        A - +5 ring mail of Lust {Will+ rCorr}
rPois   .            (helmet restricted)
rElec   .            (no cloak)
rCorr   +            v - +0 pair of gloves
SInv    .            j - +0 pair of boots
Will    +....        (no amulet)
Stlth   +            (no ring)
HPRegen 0.30/turn    (no ring)
MPRegen 0.10/turn

%: no passive effects
@: weakened, hasted, very quick
A: horns 2, retaliatory headbutt
a: no special abilities


You were on level 5 of the Dungeon.
You visited 1 branch of the dungeon, and saw 5 of its levels.

You collected 273 gold pieces.

Inventory:

Hand Weapons
 a - a +0 war axe
 B - a +0 morningstar (weapon)
 C - a +0 shortbow
Missiles
 b - 5 darts of dispersal
 l - 2 boomerangs (quivered)
 o - 7 poisoned darts
Armour
 c - a +0 buckler (worn)
 j - a +0 pair of boots (worn)
 v - a +0 pair of gloves (worn)
 A - the +5 ring mail of Lust (worn) {Will+ rCorr}
   (You found it on level 4 of the Dungeon)

   Will+:     It increases your willpower.
   rCorr:     It protects you from acid and corrosion.
 E - a +0 plate armour
Jewellery
 y - a ring of fire
 z - an amulet of magic regeneration
Wands
 D - a wand of polymorph (10)
Scrolls
 h - a scroll of blinking {unknown}
 i - a scroll of acquirement {unknown}
 k - 2 scrolls of teleportation {unknown}
 n - a scroll of revelation {unknown}
 r - 2 scrolls of enchant weapon {unknown}
 s - 3 scrolls of identify {unknown}
 t - a scroll of silence {unknown}
 u - 2 scrolls of immolation {unknown}
 w - a scroll of noise {unknown}
 x - a scroll of torment {unknown}
Potions
 d - a potion of might
 e - a potion of curing
 f - a potion of mutation {unknown}
 g - a potion of haste
 m - a potion of berserk rage {unknown}
 p - a potion of lignification {unknown}
 q - 2 potions of resistance {unknown}
 F - a potion of enlightenment {unknown}


   Skills:
 + Level 5.9 Fighting
 + Level 6.3(6.6) Axes
 + Level 2.7(4.9) Maces & Flails
 + Level 0.1 Throwing
 + Level 5.4 Armour
 + Level 1.5 Dodging
 + Level 0.4 Stealth
 + Level 4.7 Shields


You had 6 spell levels left.
You didn't know any spells.
Your spell library contained the following spells:

 Spells                   Type           Power      Damage    Failure   Level
 Kiss of Death            Conj/Necr      0%         2d5       69%         1
 Necrotise                Necr           0%         1d4       69%         1
 Confusing Touch          Hex            0%         N/A       96%         3
 Ozocubu's Armour         Ice            0%         N/A       96%         3
 Vampiric Draining        Necr           0%         2d6       96%         3
 Dispel Undead            Necr           0%         3d6       100%        4
 Agony                    Necr           0%         N/A       100%        5
 Metabolic Englaciation   Hex/Ice        0%         N/A       100%        5
 Simulacrum               Ice/Necr       0%         N/A       100%        6


Dungeon Overview and Level Annotations

Branches:
Dungeon (5/15)
 Temple: D:4-7

Altars:
Cheibriados
Elyvilon
Kikubaaqudgha
Makhleb
Nemelex Xobeh
Okawaru


Innate Abilities, Weirdness & Mutations

You have a pair of horns on your head.
You reflexively headbutt those who attack you in melee.


Message History

The gnoll picks up the pace!
The gnoll hits you from afar with a +3 spear.
You hit the gnoll bouda.
The gnoll bouda is almost dead.
You feel sick. The gnoll hits you but does no damage.
The gnoll bouda gazes fiercely through you!
You feel your attacks grow feeble.
The gnoll bouda hits you with a +0 whip!
The gnoll hits you from afar with a +3 spear.
The gnoll hits you but does no damage.
You hit the gnoll bouda.
You kill the gnoll bouda!
You feel sick.
The gnoll hits you from afar with a +3 spear.
* * * LOW HITPOINT WARNING * * *
The gnoll hits you but does no damage.
The gnoll hits you from afar with a +3 spear.
* * * LOW HITPOINT WARNING * * *
It was a potion of haste.
You feel yourself speed up.
You feel sick. The gnoll hits you but does no damage.
You block the gnoll's attack.
It was a potion of curing.
You feel better.
The gnoll hits you from afar with a +0 spear.
* * * LOW HITPOINT WARNING * * *
Unknown command.
Unknown command.
The gnoll hits you but does no damage.
You hit the gnoll. You headbutt the gnoll!
The gnoll is almost dead.
You block the gnoll's attack. The gnoll hits you with a +3 spear.
* * * LOW HITPOINT WARNING * * *
The gnoll barely misses you. The gnoll hits you with a +0 flail!
* * * LOW HITPOINT WARNING * * *
You hit the gnoll.
The gnoll is heavily wounded.
You block the gnoll's attack. The gnoll hits you with a +3 spear.
* * * LOW HITPOINT WARNING * * *
You hit the gnoll.
The gnoll is almost dead.
The gnoll closely misses you. The gnoll hits you with a +0 spear.
You die...

# #.............#
#.......... ##
##...........)####...g......
.#
##..........#).##..........
##
#..........##..#.......... #
###........###............ #
####.....##..########... ##
### ###..##.g.# .#####.##
#####gg## ........### ##@g##
..........# ##†g##
.........## ##..##
.........# ##..##
.........###..##
.............##
............## ........###.#
........##.>#


You could see 5 gnolls.

Vanquished Creatures
  A water moccasin (D:5)
  An ogre (D:4)
  4 scorpions
  A gnoll bouda (D:5)
  2 jellies
  A sleepcap (D:4)
  An orc wizard (D:5)
  A gnoll (D:4)
  4 adders
  A worm (D:2)
  7 dart slugs
  10 orcs
  15 endoplasms
  5 giant cockroaches
  6 hobgoblins
  3 jackals
  3 quokkas (D:2)
  13 ball pythons
  6 bats
  5 frilled lizards
  3 goblins
  7 kobolds
  8 rats
108 creatures vanquished.

Notes
Turn   | Place    | Note
-------+----------+-------------------------------------------
     0 | D:1      | Fodor the Minotaur Fighter began the quest for the Orb.
     0 | D:1      | Reached XP level 1. HP: 19/19 MP: 0/0
    91 | D:1      | Reached XP level 2. HP: 24/27 MP: 1/1
   579 | D:1      | Reached XP level 3. HP: 25/33 MP: 2/2
   977 | D:2      | Reached skill level 3 in Axes
  1257 | D:2      | Reached XP level 4. HP: 34/40 MP: 3/3
  2251 | D:4      | Noticed an ogre
  2259 | D:4      | Reached skill level 4 in Axes
  2261 | D:4      | Killed an ogre
  2262 | D:4      | Reached skill level 5 in Axes
  2262 | D:4      | Reached XP level 5. HP: 45/47 MP: 4/4
  2382 | D:4      | Identified the +5 ring mail of Lust {Will+ rCorr}
  2411 | D:4      | Reached skill level 5 in Fighting
  2411 | D:4      | Reached XP level 6. HP: 29/56 MP: 5/5
  2620 | D:4      | Found a snail-covered altar of Cheibriados.
  2761 | D:4      | Found a transporter.
  2787 | D:4      | Found a transporter.
  2989 | D:4      | Found an ancient bone altar of Kikubaaqudgha.
  2995 | D:4      | Found a sparkling altar of Nemelex Xobeh.
  2995 | D:4      | Found a burning altar of Makhleb.
  2995 | D:4      | Found a white marble altar of Elyvilon.
  2995 | D:4      | Found an iron altar of Okawaru.
  3161 | D:5      | Entered Level 5 of the Dungeon
  3280 | D:5      | Noticed a water moccasin
  3293 | D:5      | Killed a water moccasin
  3294 | D:5      | Reached skill level 6 in Axes
  3294 | D:5      | Reached skill level 1 in Maces & Flails
  3294 | D:5      | Reached skill level 5 in Armour
  3294 | D:5      | Reached skill level 1 in Dodging
  3340 | D:5      | Reached XP level 7. HP: 49/61 MP: 6/6
  3749 | D:5      | HP: 2/62 [gnoll/+3 spear[a gnoll bouda] (6)]
  3750 | D:5      | Slain by a gnoll

Illustrated notes

Levels and vault maps discovered:
D:1:      spicycebolla_green_bress_n_ham_2, layout_basic
D:2:      layout_loops_ring
D:3:      layout_loops_ring
D:4:      gammafunk_wand_slinger, layout_cave_pools, minitemple,
          lemuel_tele_altar, minmay_joined_circles
D:5:      layout_cave_pods, minmay_temple_entry_tees

Skill      XL: |  1  2  3  4  5  6  7 |
---------------+----------------------+-----
Shields        | 4 |  4.7
Armour         | 4 5 |  5.4
Fighting       | 4 5 |  5.9
Axes           | 3 5 6 |  6.3
Maces & Flails | 1 2 |  2.7
Dodging        | 1 |  1.5
Throwing       | |  0.1
Stealth        | |  0.4

Action                     |  1- 3 |  4- 6 |  7- 9 || total
---------------------------+-------+-------+-------++-------
  Melee: War axe           |    88 |    77 |       ||   165
         Headbutt          |    14 |    11 |     3 ||    28
         Morningstar       |       |    22 |    21 ||    43
  Throw: Boomerang         |     3 |       |       ||     3
    Use: Potion            |       |       |     2 ||     2
 Armour: Chain mail        |    65 |    46 |       ||   111
         Scale mail        |     1 |       |       ||     1
         Ring mail         |       |    43 |    30 ||    73
  Dodge: Dodged            |    36 |    47 |     9 ||    92
  Block: Buckler           |    25 |    24 |     8 ||    57

Table legend: (Time is in decaauts)
 A = Elapsed time spent in this place.
 B = Non-inter-level travel time spent in this place.
 C = Inter-level travel time spent in this place.
 D = Time resting spent in this place.
 E = Time spent auto-exploring this place.
 F = Levels seen in this place.
 G = Mean time per level.
                   A        B        C        D        E       F      G
               +--------+--------+--------+--------+--------+-----+--------+
         Total |   3823 |   3718 |    105 |    113 |      0 |   5 |  764.6 |
       Dungeon |   3823 |   3718 |    105 |    113 |      0 |   5 |  764.6 |
               +--------+--------+--------+--------+--------+-----+--------+

Top non-repeatable levels by time:
     D:4: 927 daAuts
     D:1: 860 daAuts
     D:3: 723 daAuts
     D:2: 713 daAuts
     D:5: 598 daAuts
